 Dungeon Crawl Stone Soup version 0.32-a0-314-g526f7d4993 (webtiles) character file.

Game seed: 11924609021258367689

268 Ceno the Insei (level 6, -4/42 HPs)
             Began as an Octopode Shapeshifter on Feb 15, 2024.
             Killed from afar by an orc wizard (7 damage)
             ... with a puff of flame
             ... on level 4 of the Dungeon.
             The game lasted 00:05:10 (2592 turns).

Ceno the Insei (Octopode Shapeshifter)              Turns: 2592, Time: 00:05:11

Health: -4/42      AC:  1    Str: 13    XL:     6   Next: 21%
Magic:  6/6        EV: 14    Int: 12    God:
Gold:   175        SH:  0    Dex: 14    Spells: 5/5 levels left

rFire   . . .        x - +0 short sword (venom)
rCold   . . .        (no shield)
rNeg    . . .        (helmet currently unavailable)
rPois   .            (no amulet)
rElec   .            (no ring)
rCorr   .            (no ring)
SInv    .            (no ring)
Will    .....        (no ring)
Stlth   ++           (no ring)
HPRegen 0.27/turn    (no ring)
MPRegen 0.10/turn    (no ring)
                     (no ring)

%: no passive effects
@: beast-form
A: beast (slay +2), almost no armour, amphibious, 8 rings, camouflage 1,
gelatinous body 1, (nimble swimmer 1), tentacles
a: Begin Untransformation


You were on level 4 of the Dungeon.
You were a hulking beast.
You visited 1 branch of the dungeon, and saw 4 of its levels.

You collected 175 gold pieces.

Inventory:

Hand Weapons
 x - a +0 short sword of venom (weapon)
Missiles
 g - 22 stones (quivered)
Jewellery
 e - a ring of ice
Talismans
 b - a beast talisman (active)
 c - a flux talisman
Wands
 r - a wand of paralysis (11)
 y - a wand of roots (5)
Scrolls
 d - 3 scrolls of identify {unknown}
 j - a scroll of enchant armour
 l - a scroll of blinking
 n - a scroll of amnesia {unknown}
 o - 2 scrolls of poison {unknown}
 q - a scroll of vulnerability {unknown}
 s - a scroll of silence {unknown}
 t - a scroll of brand weapon {unknown}
 u - a scroll of acquirement {unknown}
 w - a scroll of revelation {unknown}
 z - a scroll of fog {unknown}
Potions
 a - 3 potions of lignification
 f - a potion of might {unknown}
 h - 3 potions of curing {unknown}
 i - 2 potions of mutation {unknown}
 k - 2 potions of brilliance {unknown}
 m - a potion of magic {unknown}
 p - 2 potions of heal wounds {unknown}
 v - a potion of attraction {unknown}


   Skills:
 + Level 3.0 Fighting
 + Level 3.5 Dodging
 + Level 4.2 Unarmed Combat
 + Level 4.0 Shapeshifting


You had 5 spell levels left.
You didn't know any spells.
Your spell library contained the following spells:

 Spells                   Type           Power      Damage    Failure   Level
 Frozen Ramparts          Ice            0%         1d1       69%         3
 Leda's Liquefaction      Alch/Erth      0%         N/A       97%         4
 Petrify                  Alch/Erth      0%         N/A       97%         4
 Metabolic Englaciation   Hex/Ice        0%         N/A       100%        5


Dungeon Overview and Level Annotations

Branches:
Dungeon (4/15)
 Temple: D:4-7

Altars:


Innate Abilities, Weirdness & Mutations

You are a hulking beast.
Your limbs bulge with bestial killing power. (Slay +2)
You cannot wear most types of armour.
You are amphibious.
You can wear up to eight rings at the same time.
Your skin changes colour to match your surroundings (Stealth+).
Your rubbery body absorbs attacks. (AC +1, EV +1)
((You are camouflaged when in or above water. (Stealth+)))
You have tentacles for arms and can constrict up to eight enemies at once.


Message History

You are more poisoned.
The adder poisons you!
You feel sick. The orc attacks as it pursues you! The orc closely misses you.
The orc hits you with a +0 short sword.
You feel sick.
You feel sick.
You kill the adder!
You hit the orc.
The orc is poisoned.
Your grab misses the orc.
The orc is heavily wounded.
You feel sick.
An orc wizard comes into view. It is wielding a +0 dagger.
The orc hits you with a +0 short sword.
* * * LOW HITPOINT WARNING * * *
You hit the orc.
You kill the orc!
You feel sick.
The orc wizard mumbles some strange words.
The orc wizard flickers and vanishes!
Deactivating autopickup; reactivate with Ctrl-A.
You hit the orc.
The orc is poisoned.
Your grab misses the orc.
The orc is heavily wounded.
You feel sick. The orc hits you with a +0 short sword.
* * * LOW HITPOINT WARNING * * *
You hit the orc.
The orc looks as sick as possible!
Your grab misses the orc.
The orc is almost dead.
You feel sick.
You kill the orc!
You hit the orc.
The orc is poisoned.
Your grab misses the orc.
The orc is lightly wounded.
You feel sick. The orc barely misses you.
You closely miss the orc. Your grab misses the orc. You squeeze the orc.
The orc is heavily wounded.
You feel sick.
You are no longer poisoned.
The orc misses you.
You closely miss the orc. You grab the orc. You squeeze the orc.
You kill the orc!
A puff of flame appears from out of thin air!
The puff of flame hits you!
You die...

...)#...#.....................#
....#...###.........#......#..#
....................##....## .
......##.#..#......##....##
........##.###.....###.#.#
..##.............#.....#.#
..#...##....## #.#...#.....#
..##..# ..#####..#.##.#.....
.....## .# #.#h...#####....
.....# )##>....## #... ..##..
.#.#..## ... ..##.. ...##..# ..
...... .... ##{# .##< .....
#)## .# ......###†.####.
........<.......#
..............?.


There were no monsters in sight!

Vanquished Creatures
  A howler monkey (D:4)
  2 iguanas
  6 adders
  A shadow imp (D:4)
  A ribbon worm (D:2)
  5 orcs
  9 endoplasms
  2 giant cockroaches
  8 goblins
  5 hobgoblins
  4 jackals (D:1)
  5 kobolds (D:2)
  2 quokkas
  4 ball pythons
  A bat (D:2)
  4 frilled lizards
  8 rats
68 creatures vanquished.

Notes
Turn   | Place    | Note
-------+----------+-------------------------------------------
     0 | D:1      | Ceno the Octopode Shapeshifter began the quest for the Orb.
     0 | D:1      | Reached XP level 1. HP: 13/13 MP: 1/1
    92 | D:1      | Reached XP level 2. HP: 16/18 MP: 2/2
   222 | D:1      | Reached XP level 3. HP: 15/24 MP: 3/3
   825 | D:2      | Reached XP level 4. HP: 29/29 MP: 4/4
  1254 | D:2      | Reached XP level 5. HP: 27/35 MP: 5/5
  2352 | D:4      | Reached XP level 6. HP: 17/42 MP: 6/6
  2587 | D:4      | HP: 2/42 [poisoned by an adder]
  2592 | D:4      | Killed from afar by an orc wizard

Illustrated notes

Levels and vault maps discovered:
D:1:      ncdulo_smallfort, layout_basic
D:2:      minmay_general_purpose_star, layout_rooms, st_stairs_11,
          minmay_quantized
D:3:      layout_loops_ring, minmay_diced_spiral
D:4:      layout_cave_pools, minmay_temple_entry_glass, enter_ossuary_4

Skill      XL: |  1  2  3  4  5 |
---------------+----------------+-----
Fighting       | 2 3 |  3.0
Dodging        | 3 |  3.5
Unarmed Combat | 4 |  4.2
Shapeshifting  | 4 |  4.0

Action                     |  1- 3 |  4- 6 || total
---------------------------+-------+-------++-------
  Melee: Unarmed           |    47 |    65 ||   112
         Tentacles         |     7 |    21 ||    28
         Constrict         |    10 |    19 ||    29
         Punch             |     1 |     2 ||     3
         Short sword       |       |    10 ||    10
  Throw: Stone             |       |     4 ||     4
    Use: Scroll            |       |     2 ||     2
   Stab: Sleeping          |     5 |     4 ||     9
 Armour: Skin              |     8 |    33 ||    41
  Dodge: Dodged            |    18 |    37 ||    55

Table legend: (Time is in decaauts)
 A = Elapsed time spent in this place.
 B = Non-inter-level travel time spent in this place.
 C = Inter-level travel time spent in this place.
 D = Time resting spent in this place.
 E = Time spent auto-exploring this place.
 F = Levels seen in this place.
 G = Mean time per level.
                   A        B        C        D        E       F      G
               +--------+--------+--------+--------+--------+-----+--------+
         Total |   2583 |   2508 |     75 |     92 |   1818 |   4 |  645.8 |
       Dungeon |   2583 |   2508 |     75 |     92 |   1818 |   4 |  645.8 |
               +--------+--------+--------+--------+--------+-----+--------+

Top non-repeatable levels by time:
     D:3: 806 daAuts
     D:2: 749 daAuts
     D:1: 604 daAuts
     D:4: 423 daAuts
